 Dungeon Crawl Stone Soup version 0.31-a0-174-g85c54bcb58 (webtiles) character file.

Game seed: 14813869201656380244

116 qw the Shooter (level 5, -7/49 HPs)
             Began as a Naga Hunter on June 15, 2023.
             Killed from afar by an orc wizard (10 damage)
             ... with a magic dart
             ... on level 3 of the Dungeon.
             The game lasted 00:00:37 (2186 turns).

qw the Shooter (Naga Hunter)                        Turns: 2186, Time: 00:00:37

Health: -7/49      AC:  3    Str: 13    XL:     5   Next: 1%
Magic:  5/5        EV:  9    Int: 10    God:
Gold:   84         SH:  0    Dex: 16    Spells: 4/4 levels left

rFire   . . .        Y - +0 shortbow
rCold   . . .        (shield currently unavailable)
rNeg    . . .        c - +0 leather armour
rPois   +            (no helmet)
rElec   .            (no cloak)
rCorr   .            (no gloves)
SInv    +            (no barding)
Will    .....        (no amulet)
Stlth   ++           (no ring)
HPRegen 0.28/turn    (no ring)
MPRegen 0.09/turn

%: no passive effects
@: short of breath, very slow
A: AC +1, large, see invisible, deformed body, poison resistance, slowness 2,
spit poison 1, naga tail 1
a: Spit Poison


You were on level 3 of the Dungeon.
You visited 1 branch of the dungeon, and saw 3 of its levels.

You collected 84 gold pieces.


Innate Abilities, Weirdness & Mutations

Your serpentine skin is tough. (AC +1)
You have supernaturally acute eyesight. (SInv)
Armour fits poorly on your strangely shaped body.
Your system is resistant to poisons. (rPois)
You cover ground very slowly.
You can spit poison.
You have a snake-like lower body.


   Skills:
 - Level 3.0 Fighting
 + Level 5.1 Ranged Weapons
 - Level 1.5 Dodging
 - Level 1.5 Stealth


You had 4 spell levels left.
You didn't know any spells.
Your spell library was empty.

Inventory:

Hand Weapons
 Y - a +0 shortbow (weapon)
Armour
 c - a +0 leather armour (worn)
Scrolls
 a - a scroll of noise {unknown}
 b - a scroll of acquirement {unknown}
 d - a scroll of blinking {unknown}
 e - a scroll of identify
Potions
 i - a potion of cancellation {unknown}

Dungeon Overview and Level Annotations

Branches:
Dungeon (3/15)

Altars:


Message History

The splash of poison hits the orc.
The orc is poisoned.
You kill the orc!
The orc wizard casts a spell at you. The puff of flame hits you!
You shoot an arrow. The orc shouts!
The arrow hits the orc wizard.
The orc wizard is lightly wounded.
You shoot an arrow. The arrow hits the orc!
You kill the orc!
You shoot an arrow. The arrow barely misses the orc wizard.
The orc wizard casts a spell at you. The puff of flame hits you!
The orc throws a boomerang.
The boomerang closely misses the orc wizard.
The boomerang hits you.
You shoot an arrow. The arrow hits the orc wizard.
The orc wizard is moderately wounded.
You have got your breath back.
The orc throws a boomerang.
The boomerang closely misses the orc wizard.
The boomerang hits you.
2183 ||| INVOKING Spit Poison.
Aiming: Spit Poison (1% risk of failure)
Press: ? - help, Shift-Dir - straight line, f/p - orc wizard The splash of poison misses the orc wizard.
The splash of poison hits the orc!
You kill the orc!
The orc wizard hits you with a +0 dagger.
You have reached level 5!
You shoot an arrow. The arrow barely misses the orc wizard.
The orc wizard hits you with a +0 dagger.
You shoot an arrow. The arrow hits the orc wizard.
The orc wizard is severely wounded.
The orc wizard points at you and mumbles some strange words.
The puff of flame hits you.
You shoot an arrow. The arrow hits the orc wizard.
The orc wizard is severely wounded.
The orc wizard gestures at you while chanting.
The magic dart hits you!
You die...

#. #. #. ####### #.
#.....# ## #.....#
####### #. #.....#
#.....# . #.
#.....####.....###....
##
#>............@o.))...
#.....#........###....
#.....#.##.....# .
###.....#+##%....#
............#..###
............##.#
............##.## .#
............##..# ..
............###.####
.#


You could see an orc wizard (invisible).

Vanquished Creatures
  4 gnolls
  An adder (D:2)
  2 worms (D:3)
  2 dart slugs (D:2)
  3 orcs (D:3)
  2 bats
  5 endoplasms
  2 giant cockroaches
  4 goblins
  A hobgoblin (D:1)
  9 jackals
  3 kobolds
  A quokka (D:2)
  4 ball pythons (D:1)
  A frilled lizard (D:1)
  8 rats
52 creatures vanquished.

Notes
Turn   | Place    | Note
-------+----------+-------------------------------------------
     0 | D:1      | qw the Naga Hunter began the quest for the Orb.
     0 | D:1      | Reached XP level 1. HP: 19/19 MP: 1/1
     0 | D:1      | 0 ||| qw: Version: 0.2-a-29-g511e9b1
     0 | D:1      | 0 ||| qw: Game counter: 5507
     0 | D:1      | 0 ||| qw: Always use a shield: true
     0 | D:1      | 0 ||| qw: God list: Okawaru
     0 | D:1      | 0 ||| qw: Allow faded altars: false
     0 | D:1      | 0 ||| qw: Do Orc after D:15 true
     0 | D:1      | 0 ||| qw: Do second Lair branch before Depths: true
     0 | D:1      | 0 ||| qw: Lair rune preference: random
     0 | D:1      | 0 ||| qw: Plans: Normal
     0 | D:1      | 0 ||| PLANNING D:1-11
    36 | D:1      | 36 ||| INVOKING Spit Poison.
   325 | D:1      | 325 ||| INVOKING Spit Poison.
   326 | D:1      | Reached skill level 4 in Ranged Weapons
   326 | D:1      | Reached XP level 2. HP: 26/26 MP: 2/2
   472 | D:1      | 472 ||| INVOKING Spit Poison.
   476 | D:1      | 476 ||| INVOKING Spit Poison.
   570 | D:1      | 570 ||| INVOKING Spit Poison.
   575 | D:1      | Reached XP level 3. HP: 12/32 MP: 3/3
   576 | D:1      | 576 ||| INVOKING Spit Poison.
   695 | D:1      | 695 ||| INVOKING Spit Poison.
   722 | D:1      | 722 ||| INVOKING Spit Poison.
   881 | D:1      | 881 ||| INVOKING Spit Poison.
   930 | D:1      | 930 ||| READING scroll labelled PUXIGUG SOTEHY.
   935 | D:1      | 935 ||| READING 3 scrolls labelled QEIL GEUBESUIW.
   936 | D:1      | 936 ||| READING scroll labelled FAWNIO DOANK.
   937 | D:1      | 937 ||| READING scroll labelled CAEWNUBRUN.
   938 | D:1      | 938 ||| READING 2 scrolls of identify.
   938 | D:1      | 938 ||| IDENTIFYING puce potion
   939 | D:1      | 939 ||| DROPPING scroll of butterflies.
   940 | D:1      | 940 ||| DROPPING potion of brilliance.
  1052 | D:2      | 1052 ||| INVOKING Spit Poison.
  1058 | D:2      | 1058 ||| INVOKING Spit Poison.
  1161 | D:2      | 1161 ||| INVOKING Spit Poison.
  1164 | D:2      | 1164 ||| INVOKING Spit Poison.
  1167 | D:2      | 1167 ||| INVOKING Spit Poison.
  1252 | D:2      | 1252 ||| INVOKING Spit Poison.
  1282 | D:2      | 1282 ||| INVOKING Spit Poison.
  1287 | D:2      | 1287 ||| INVOKING Spit Poison.
  1410 | D:2      | 1410 ||| INVOKING Spit Poison.
  1412 | D:2      | Reached skill level 5 in Ranged Weapons
  1412 | D:2      | Reached XP level 4. HP: 39/39 MP: 4/4
  1414 | D:2      | 1414 ||| INVOKING Spit Poison.
  1418 | D:2      | 1418 ||| INVOKING Spit Poison.
  1694 | D:2      | Found a faded altar of an unknown god.
  1897 | D:2      | 1897 ||| READING 2 scrolls of identify.
  1897 | D:2      | 1897 ||| IDENTIFYING metallic blue potion
  1898 | D:2      | 1898 ||| DROPPING potion of enlightenment.
  1926 | D:3      | 1926 ||| INVOKING Spit Poison.
  1956 | D:3      | 1956 ||| INVOKING Spit Poison.
  2004 | D:3      | 2004 ||| INVOKING Spit Poison.
  2009 | D:3      | 2009 ||| INVOKING Spit Poison.
  2014 | D:3      | 2014 ||| INVOKING Spit Poison.
  2040 | D:3      | 2040 ||| INVOKING Spit Poison.
  2096 | D:3      | 2096 ||| INVOKING Spit Poison.
  2101 | D:3      | 2101 ||| INVOKING Spit Poison.
  2117 | D:3      | 2117 ||| INVOKING Spit Poison.
  2120 | D:3      | 2120 ||| INVOKING Spit Poison.
  2123 | D:3      | Reached skill level 3 in Fighting
  2174 | D:3      | 2174 ||| INVOKING Spit Poison.
  2178 | D:3      | 2178 ||| INVOKING Spit Poison.
  2182 | D:3      | HP: 9/42 [orc/boomerang (5)]
  2183 | D:3      | 2183 ||| INVOKING Spit Poison.
  2184 | D:3      | Reached XP level 5. HP: 9/49 MP: 5/5
  2185 | D:3      | HP: 3/49 [orc wizard/puff of flame (5)]
  2186 | D:3      | Killed from afar by an orc wizard

Levels and vault maps discovered:
D:1:      dpeg_arrival_refuge, layout_basic
D:2:      layout_basic, nicolae_ecumenical_lake_church
D:3:      layout_basic, item_on_display_b

Skill      XL: |  1  2  3  4 |
---------------+-------------+-----
Ranged Weapons | 4 5 |  5.1
Fighting       | 3 |  3.0
Dodging        | |  1.5
Stealth        | |  1.5

Action                     |  1- 3 |  4- 6 || total
---------------------------+-------+-------++-------
   Fire: Shortbow          |    60 |    39 ||    99
Ability: Spit Poison       |    18 |    15 ||    33
    Use: Scroll            |     5 |     1 ||     6
 Armour: Leather armour    |     6 |       ||     6
  Dodge: Dodged            |     9 |     2 ||    11

Table legend:
 A = Non-vault XP
 B = Vault XP
 C = Vault XP percentage of total XP
 D = Non-vault monster count
 E = Vault monster count
 F = Vault count percentage of total count
                 A         B        C        D         E       F
            +---------+---------+-------+---------+---------+-------
      Total |     167 |       0 |   0.0 |      52 |       0 |   0.0
            +---------+---------+-------+---------+---------+-------
        D:1 |      46 |       0 |   0.0 |      21 |       0 |   0.0
        D:2 |      83 |       0 |   0.0 |      15 |       0 |   0.0
        D:3 |      38 |       0 |   0.0 |      16 |       0 |   0.0
            +---------+---------+-------+---------+---------+-------
